[Event "ICC tourney 2666 (40 10)"]
[Site "Internet Chess Club"]
[Date "2021.09.11"]
[Round "1"]
[White "WELSKI, SEAN:filmdirector"]
[Black "Goteti, Ishan:Aurex"]
[Result "1-0"]
[ICCResult "Black checkmated"]
[WhiteElo "1317"]
[BlackElo "834"]
[Opening "Scotch gambit: Benima defense"]
[ECO "C50"]
[NIC "IG.03"]
[Time "11:01:31"]
[TimeControl "2400+10"]

1. e4 e5 2. Nf3 Nc6 3. Bc4 Be7 4. d4 exd4 5. Nxd4 Bc5 6. Bxf7+ Kxf7 7. Qh5+
g6 8. Qxc5 Nxd4 9. Qxd4 Nf6 10. Bg5 Re8 11. Nc3 d5 12. O-O-O Be6 13. e5 c5
14. Qf4 Bf5 15. Bxf6 Qb6 16. Qh6 Rg8 17. Qxh7+ Ke6 18. Qe7# {Black
checkmated} 1-0

[Event "ICC tourney 2666 (40 10)"]
[Site "Internet Chess Club"]
[Date "2021.09.11"]
[Round "1"]
[White "Vesval, Thomas:Goofymammoth"]
[Black "PRAKASAN, NEDAS:Nedas15"]
[Result "1-0"]
[ICCResult "Black checkmated"]
[WhiteElo "1186"]
[BlackElo "644"]
[Opening "Scotch opening"]
[ECO "C44"]
[NIC "KP.10"]
[Time "11:01:42"]
[TimeControl "2400+10"]

1. e4 e5 2. Nf3 Nc6 3. d4 Nf6 4. d5 Bb4+ 5. c3 Bc5 6. dxc6 bxc6 7. Nxe5 Nxe4
8. Qe2 Bxf2+ 9. Kd1 Qe7 10. Qxe4 d6 11. Qxc6+ Kd8 12. Nxf7+ Qxf7 13. Bg5+
Qf6 14. Bxf6+ gxf6 15. Qxa8 Re8 16. Ba6 Kd7 17. Bb5+ Kd8 18. Bxe8 Kxe8 19.
Qxc8+ Ke7 20. Qxc7+ Ke6 21. Rf1 Bb6 22. Re1+ Kf5 23. Qd7+ Kg5 24. Qg7+ Kh5
25. Qxh7+ Kg5 26. h4+ Kg4 27. Qg6+ Kf4 28. Qxf6+ Kg3 29. Qg5+ Kh2 30. Qf4+
Kxg2 31. Qg4+ Kf2 32. Re2+ Kf1 33. Qh3+ Kg1 34. Qg2# {Black checkmated} 1-0

[Event "ICC tourney 2666 (40 10)"]
[Site "Internet Chess Club"]
[Date "2021.09.11"]
[Round "1"]
[White "LARSON, CHARLES D:jdchuck68"]
[Black "GUERRERIO, CHRISTOPHER:K09-16206065"]
[Result "0-1"]
[ICCResult "White checkmated"]
[WhiteElo "355"]
[BlackElo "1103"]
[Opening "Ruy Lopez: Anderssen variation"]
[ECO "C77"]
[NIC "RL.12"]
[Time "11:02:20"]
[TimeControl "2400+10"]

1. e4 e5 2. Nf3 Nc6 3. Bb5 a6 4. Ba4 Nf6 5. d3 b5 6. Bb3 Bc5 7. O-O d6 8.
Bg5 h6 9. Bh4 Bg4 10. h3 Bh5 11. Nbd2 g5 12. Bg3 Qd7 13. Qe1 Bb4 14. c3 Ba5
15. d4 exd4 16. cxd4 Bxf3 17. gxf3 Nxd4 18. e5 Nxf3+ 19. Nxf3 Bxe1 20. Nxe1
Ne4 21. Nf3 Nxg3 22. fxg3 Qxh3 23. Bd5 O-O-O 24. Rf2 Qxg3+ 25. Kf1 dxe5 26.
Bxf7 Rhf8 27. Be6+ Kb8 28. Re1 Rxf3 29. Rxf3 Qxf3+ 30. Kg1 Rd2 31. Rf1 Qg2#
{White checkmated}
0-1

[Event "ICC tourney 2666 (40 10)"]
[Site "Internet Chess Club"]
[Date "2021.09.11"]
[Round "1"]
[White "JEEJU, ANIRUDH SAI:anirudhsai"]
[Black "KOGAN, NIKITA:K09-17190210"]
[Result "0-1"]
[ICCResult "White resigns"]
[WhiteElo "637"]
[BlackElo "1173"]
[Opening "Three knights game"]
[ECO "C46"]
[NIC "KP.06"]
[Time "11:02:20"]
[TimeControl "2400+10"]

1. e4 e5 2. Nf3 Nc6 3. Nc3 Bb4 4. Bc4 Nf6 5. d3 a6 6. Bg5 d6 7. h3 Be6 8.
Bb3 h6 9. Bh4 Nd4 10. Nxd4 exd4 11. a3 Ba5 12. Bxe6 fxe6 13. b4 Bxb4 14.
axb4 dxc3 15. O-O g5 16. Bg3 Qd7 17. f4 O-O-O 18. fxg5 hxg5 19. Rxf6 e5 20.
Qf1 g4 21. Rf7 Qb5 22. Qf5+ Kb8 23. Qxg4 Qxb4 24. Raf1 Qb2 25. Qg7 Rc8 26.
Rf8 Rhxf8 27. Rxf8 Qxc2 28. Rxc8+ Kxc8 29. Qf8+ Kd7 30. Qf7+ Kc6 31. Qd5+
Kb6 32. Bf2+ c5 33. Qxd6+ Kb5 34. Qxc5+ Ka4 35. Qc4+ Ka3 36. Bc5+ Kb2 37.
Qb4+ Kc1 38. Qa3+ Kd2 39. Qa1 Qb2 40. Qf1 c2 41. Qf2+ Kc3 42. Qe1+ Kxd3 43.
Qe3+ Kc4 44. Ba3 Qb1+ 45. Kh2 Qd1 46. h4 b5 47. h5 b4 48. Bb2 Qxh5+ 49. Kg1
Qd1+ 50. Kh2 a5 51. Kh3 a4 52. Qb6 a3 53. Qc6+ Kb3 54. Qc3+ bxc3 55. Bxc3
c1=Q 56. Bxe5 Qe3+ {White resigns} 0-1

[Event "ICC tourney 2666 (40 10)"]
[Site "Internet Chess Club"]
[Date "2021.09.11"]
[Round "1"]
[White "REMPE, LENNIK:Kokosnuss1000"]
[Black "Singh, Saharsh:saharshsingh02"]
[Result "0-1"]
[ICCResult "White checkmated"]
[WhiteElo "1400"]
[BlackElo "896"]
[Opening "French defense"]
[ECO "C01"]
[NIC "FR.01"]
[Time "11:01:33"]
[TimeControl "2400+10"]

1. e4 e6 2. d4 Nc6 3. Nf3 d5 4. exd5 exd5 5. Bb5 Be7 6. O-O Nf6 7. Ne5 Bd7
8. Nxd7 Qxd7 9. Re1 O-O 10. Bxc6 bxc6 11. Qe2 Rfe8 12. Bg5 Bb4 13. Bxf6 Rxe2
14. Rxe2 gxf6 15. Nc3 Bxc3 16. bxc3 Re8 17. Rae1 Rxe2 18. Rxe2 Qf5 19. Re8+
Kg7 20. Re1 h5 21. a4 Qxc2 22. c4 Qxc4 23. a5 Qxd4 24. a6 Qc4 25. h4 Qxa6
26. g4 hxg4 27. f3 gxf3 28. h5 Qa2 29. Rf1 Qg2# {White checkmated} 0-1

[Event "ICC tourney 2666 (40 10)"]
[Site "Internet Chess Club"]
[Date "2021.09.11"]
[Round "1"]
[White "CAO, DANIEL:danielcao"]
[Black "GUAN, MARIE:marieplaychess"]
[Result "1-0"]
[ICCResult "Black checkmated"]
[WhiteElo "1276"]
[BlackElo "748"]
[Opening "French: advance, Paulsen attack"]
[ECO "C02"]
[NIC "FR.03"]
[Time "11:02:20"]
[TimeControl "2400+10"]

1. e4 e6 2. d4 d5 3. e5 c5 4. c3 Nc6 5. Nf3 Qb6 6. a3 cxd4 7. cxd4 Nge7 8.
b4 Nf5 9. Bb2 Be7 10. b5 Na5 11. Nc3 O-O 12. Na4 Qd8 13. Nc5 f6 14. Be2 fxe5
15. Nxe5 Bxc5 16. dxc5 Qg5 17. g3 b6 18. c6 a6 19. a4 axb5 20. axb5 d4 21.
Nf3 Qd8 22. Nxd4 Nxd4 23. Qxd4 Qxd4 24. Bxd4 Rf5 25. Bxb6 Nc4 26. Rxa8 Nxb6
27. Rb8 Rc5 28. Rxb6 e5 29. Rb8 Rc1+ 30. Bd1 Kf7 31. Rxc8 Rb1 32. c7 Rc1 33.
b6 Kg6 34. b7 Rb1 35. b8=B Rc1 36. Rd8 Kf7 37. c8=R Rb1 38. O-O Kg6 39. Bc2+
Kf6 40. Rxb1 g6 41. Rb6+ Kg7 42. Rd7+ Kh6 43. Bxe5 Kg5 44. f4+ Kh6 45. Bg7+
Kh5 46. Bd1# {Black checkmated} 1-0

[Event "ICC tourney 2666 (40 10)"]
[Site "Internet Chess Club"]
[Date "2021.09.11"]
[Round "1"]
[White "Chen, Angelique Lee:oklahoo"]
[Black "Asbury, Aaron J:AaronAsbury"]
[Result "0-1"]
[ICCResult "White checkmated"]
[WhiteElo "995"]
[BlackElo "1430"]
[Opening "Sicilian"]
[ECO "B50"]
[NIC "SI.01"]
[Time "11:01:27"]
[TimeControl "2400+10"]

1. e4 c5 2. Nf3 d6 3. Bc4 Nf6 4. Nc3 Nc6 5. h3 a6 6. a4 g6 7. d4 cxd4 8.
Nxd4 Bg7 9. Nf3 Qc7 10. Bb3 Bd7 11. Be3 Na5 12. Ba2 Nc4 13. Bd4 e5 14. Bxc4
Qxc4 15. Be3 Nxe4 16. Nxe4 Qxe4 17. b3 Qc6 18. O-O O-O 19. Qd2 Bxh3 20. Rfc1
Bg4 21. Ng5 e4 22. Rab1 Bc3 23. Nxe4 Bxd2 24. Nxd2 Rfe8 25. Rb2 Qc3 26. Ra2
Rxe3 27. fxe3 Qxd2 28. Rf1 Qxe3+ 29. Kh2 Rc8 30. Kh1 Qe2 31. Rc1 Qd2 32.
Raa1 Rxc2 33. Rf1 Qxg2# {White checkmated} 0-1

[Event "ICC tourney 2666 (40 10)"]
[Site "Internet Chess Club"]
[Date "2021.09.11"]
[Round "1"]
[White "SHIJU, SHAUN:chessmaster721"]
[Black "SINGH, JIYAN:mithu542"]
[Result "0-1"]
[ICCResult "White checkmated"]
[WhiteElo "1119"]
[BlackElo "525"]
[Opening "Four knights: Italian variation"]
[ECO "C55"]
[NIC "IG.01"]
[Time "11:01:40"]
[TimeControl "2400+10"]

1. e4 e5 2. Nf3 Nc6 3. Bc4 Nf6 4. Nc3 Nxe4 5. Nxe4 d5 6. Bxd5 Qxd5 7. Nc3
Qd8 8. Qe2 Bd6 9. O-O O-O 10. d3 Bg4 11. Qe4 Qd7 12. Ng5 Qf5 13. Qxf5 Bxf5
14. Bd2 h6 15. Nf3 Rfe8 16. Rae1 f6 17. Re2 Bb4 18. a3 Ba5 19. b4 Bb6 20.
Rfe1 Bg4 21. Re4 Bf5 22. R4e2 Bg4 23. Be3 Nd4 24. Bxd4 Bxd4 25. Nb5 Bb6 26.
d4 a6 27. Nc3 Bxd4 28. Nb1 f5 29. h3 Bh5 30. g4 fxg4 31. Nxd4 exd4 32. Rxe8+
Rxe8 33. Rxe8+ Bxe8 34. hxg4 Bg6 35. Nd2 Bxc2 36. Nf3 d3 37. Kf1 Kf7 38. Ke1
Ke6 39. Kd2 Kd5 40. Ne1 Ke4 41. f3+ Kf4 42. Nxd3+ Bxd3 43. Kxd3 Kg3 44. Kd4
Kxf3 45. Ke5 Kxg4 46. Ke6 h5 47. Kd7 h4 48. Kxc7 h3 49. Kxb7 h2 50. Kxa6
h1=Q 51. b5 Qa1 52. b6 Qxa3+ 53. Kb5 Qa8 54. Kc5 Qb7 55. Kb5 Kf4 56. Kc5 Ke4
57. Kb5 Kd5 58. Ka5 Kc4 59. Ka4 Qxb6 60. Ka3 Qb3# {White checkmated} 0-1

[Event "ICC tourney 2666 (40 10)"]
[Site "Internet Chess Club"]
[Date "2021.09.11"]
[Round "1"]
[White "Pham, Tyler:TylerPham"]
[Black "Goldblatt, Steven:SGOLD9367"]
[Result "0-1"]
[ICCResult "White checkmated"]
[WhiteElo "880"]
[BlackElo "1363"]
[Opening "French: exchange variation"]
[ECO "C01"]
[NIC "FR.01"]
[Time "11:01:32"]
[TimeControl "2400+10"]

1. e4 e6 2. d4 d5 3. exd5 exd5 4. Nc3 Be7 5. Nf3 Nc6 6. Bb5 Bd7 7. Nxd5 a6
8. Ba4 b5 9. Bb3 Na5 10. Nxe7 Nxe7 11. c3 O-O 12. O-O Nxb3 13. Qxb3 Be6 14.
Qc2 Bf5 15. Qe2 Re8 16. a4 c6 17. axb5 cxb5 18. c4 Nc6 19. Qd2 bxc4 20. Qg5
Bd3 21. Qxd8 Rexd8 22. Re1 Nxd4 23. Nxd4 Rxd4 24. Ra5 Re4 25. Rxe4 Bxe4 26.
Re5 Bd3 27. f4 a5 28. Be3 f6 29. Rc5 a4 30. Kf2 a3 31. bxa3 Rxa3 32. Bd4
Ra2+ 33. Ke3 Re2+ 34. Kf3 Kf7 35. h4 Kg6 36. g4 Re7 37. f5+ Kf7 38. g5 fxg5
39. hxg5 Rd7 40. Ke3 Re7+ 41. Kf3 Ke8 42. f6 gxf6 43. gxf6 Rf7 44. Rf5 Bxf5
45. Kf4 Bg6 46. Kg5 Rd7 47. Bc3 Rd3 48. Be5 c3 49. Bxc3 Rxc3 50. Kh6 Kf8 51.
Kg5 Kf7 52. Kf4 Kxf6 53. Kg4 h5+ 54. Kh4 Rc4+ 55. Kg3 h4+ 56. Kh3 Bf5+ 57.
Kh2 Rc3 58. Kg2 Bg4 59. Kh2 Rc2+ 60. Kh1 h3 61. Kg1 h2+ 62. Kh1 Bf3#
{White checkmated}
0-1

[Event "ICC tourney 2666 (40 10)"]
[Site "Internet Chess Club"]
[Date "2021.09.11"]
[Round "1"]
[White "SANGAL LOPEZ, DEV:devsl"]
[Black "GENG, KENNETH:kennethsf"]
[Result "0-1"]
[ICCResult "White checkmated"]
[WhiteElo "714"]
[BlackElo "1250"]
[Opening "Grünfeld defense"]
[ECO "D80"]
[NIC "GI.03"]
[Time "11:01:46"]
[TimeControl "2400+10"]

1. d4 Nf6 2. c4 g6 3. Nc3 d5 4. e3 e6 5. Nf3 Bg7 6. cxd5 exd5 7. Bd3 c6 8.
O-O Bg4 9. h3 Bxf3 10. Qxf3 Nbd7 11. Re1 O-O 12. e4 dxe4 13. Nxe4 Nxe4 14.
Qxe4 Re8 15. Qxe8+ Qxe8 16. Rxe8+ Rxe8 17. Be3 Nb6 18. Bf1 Nd5 19. Bd2 Bxd4
20. Rb1 Nf6 21. b4 Ne4 22. Be1 Nc3 23. Bxc3 Bxc3 24. b5 cxb5 25. Rxb5 b6 26.
Rb3 Bg7 27. Ra3 Re7 28. Bc4 Kf8 29. Rd3 Bf6 30. Rf3 Kg7 31. g3 Re1+ 32. Kg2
Rb1 33. Ra3 a5 34. g4 b5 35. Bd5 a4 36. Rf3 g5 37. Bc6 Rb2 38. a3 Be5 39.
Rf5 f6 40. Rf3 Kf7 41. Be4 h6 42. Rd3 Ke7 43. Bf5 Bd6 44. Re3+ Kf7 45. Be6+
Kg6 46. Bf5+ Kg7 47. Rd3 Be7 48. Rd7 Kf7 49. Rb7 b4 50. axb4 Rxb4 51. Rxb4
Bxb4 52. Bb1 a3 53. Bd3 Ke7 54. Bc4 Kd6 55. Kf3 Kc5 56. Bb3 Kd4 57. Ke2 Ke4
58. f3+ Kf4 59. Kf2 Bc5+ 60. Kg2 Ke3 61. Kg3 Bd6+ 62. Kg2 Kd3 63. Kf2 Kc3
64. Bg8 Kb2 65. Ke3 a2 66. Bxa2 Kxa2 67. Ke4 Kb3 68. Kf5 Be5 69. Kg6 Kc3 70.
Kxh6 Kd3 71. Kh5 Ke3 72. h4 Bf4 73. hxg5 Bxg5 74. f4 Kxf4 75. Kg6 Kxg4 76.
Kf7 f5 77. Ke6 f4 78. Ke5 f3 79. Ke4 f2 80. Kd3 f1=Q+ 81. Ke4 Qe2+ 82. Kd5
Qe3 83. Kc4 Qd2 84. Kc5 Qd3 85. Kb4 Qc2 86. Kb5 Qc3 87. Kb6 Qc4 88. Kb7 Qc5
89. Kb8 Qe7 90. Kc8 Kf4 91. Kb8 Ke5 92. Kc8 Kd6 93. Kb8 Kc6 94. Kc8 Qc7#
{White checkmated}
0-1

[Event "ICC tourney 2666 (40 10)"]
[Site "Internet Chess Club"]
[Date "2021.09.11"]
[Round "1"]
[White "ESEKHILE, KEZIAH:BXMSKez"]
[Black "LABELLE, MATTHEW NICHOLAS:LaBelleM"]
[Result "0-1"]
[ICCResult "White checkmated"]
[WhiteElo "586"]
[BlackElo "1126"]
[Opening "Sicilian: Hungarian variation"]
[ECO "B27"]
[NIC "SI.43"]
[Time "11:01:34"]
[TimeControl "2400+10"]

1. e4 c5 2. Nf3 g6 3. g3 Bg7 4. Bg2 Nc6 5. O-O e6 6. Nc3 Nge7 7. d3 O-O 8.
Bf4 d5 9. Qd2 d4 10. Ne2 e5 11. Bh6 f5 12. c3 fxe4 13. dxe4 Bg4 14. Ng5 Bxh6
15. f4 Bxe2 16. Qxe2 Bxg5 17. fxg5 Rxf1+ 18. Rxf1 d3 19. Qd2 Na5 20. Rf3 Nc4
21. Qd1 d2 22. Rf2 Nxb2 23. Qb3+ c4 24. Rxd2 Qxd2 25. Qxb7 Qe1+ 26. Bf1 Rf8
27. Qb8 Qxf1# {White checkmated} 0-1

[Event "ICC tourney 2666 (40 10)"]
[Site "Internet Chess Club"]
[Date "2021.09.11"]
[Round "1"]
[White "Wang, Mengxuan:TheCoolGuy1117"]
[Black "SCHWARTZ, DOUGLAS S:Douglas1"]
[Result "1-0"]
[ICCResult "Black resigns"]
[WhiteElo "808"]
[BlackElo "1315"]
[Opening "Evans gambit"]
[ECO "C52"]
[NIC "IG.05"]
[Time "11:01:26"]
[TimeControl "2400+10"]

1. e4 e5 2. Nf3 Nc6 3. Bc4 Bc5 4. b4 Bxb4 5. c3 Ba5 6. d4 exd4 7. O-O Nge7
8. Ng5 d5 9. exd5 Nxd5 10. Nxf7 Kxf7 11. Qf3+ Qf6 12. Bxd5+ Be6 13. Bxe6+
Kxe6 14. Re1+ Kf7 15. Qd5+ Kg6 16. Re6 h6 17. Rxf6+ gxf6 18. Qe4+ Kf7 19.
Bb2 Rad8 20. cxd4 Rhe8 21. Qh7+ Ke6 22. Na3 Nxd4 23. Qd3 Nc6 24. Qh3+ Kf7
25. Qxh6 Re6 26. Qh7+ Kf8 27. Nc4 Bb4 28. Qh6+ Kf7 29. Qh7+ Kf8 30. Qg6 b5
31. Ne3 Ne5 32. Bxe5 Rxe5 33. Qxf6+ {Black resigns} 1-0

[Event "ICC tourney 2666 (40 10)"]
[Site "Internet Chess Club"]
[Date "2021.09.11"]
[Round "1"]
[White "BAREKET, NIMROD:nb12"]
[Black "BERKSON, LEO:LeoBerkson"]
[Result "1-0"]
[ICCResult "Black checkmated"]
[WhiteElo "1250"]
[BlackElo "712"]
[Opening "Scotch gambit: Vitzhum attack"]
[ECO "C44"]
[NIC "SO.06"]
[Time "11:01:43"]
[TimeControl "2400+10"]

1. e4 e5 2. Nf3 Nc6 3. d4 exd4 4. Bc4 Bc5 5. Ng5 Nh6 6. Qh5 O-O 7. Bxf7+
Rxf7 8. Nxf7 Nxf7 9. Qxc5 d6 10. Qc4 Be6 11. Qxe6 Qh4 12. O-O Kf8 13. f4 Re8
14. Qd5 Nb4 15. Qb3 c5 16. Nd2 Qf6 17. a3 Nc6 18. Qxb7 Nfd8 19. Qa6 h5 20.
Qd3 h4 21. Nf3 h3 22. g3 Kf7 23. e5 Qe7 24. exd6 Qb7 25. Ng5+ Kf8 26. Nxh3
c4 27. Qf5+ Kg8 28. Ng5 Re2 29. Qh7+ Kf8 30. Qh8# {Black checkmated} 1-0

[Event "ICC tourney 2666 (40 10)"]
[Site "Internet Chess Club"]
[Date "2021.09.11"]
[Round "1"]
[White "HAO, RYAN:Ryan334"]
[Black "Kale, Shubham:shubham07"]
[Result "0-1"]
[ICCResult "White checkmated"]
[WhiteElo "668"]
[BlackElo "1196"]
[Opening "Robatsch defense: two knights variation"]
[ECO "B06"]
[NIC "KF.05"]
[Time "11:01:43"]
[TimeControl "2400+10"]

1. e4 g6 2. d4 Bg7 3. Nf3 d6 4. Nc3 Nd7 5. Bc4 e6 6. O-O a6 7. Re1 b5 8. Bb3
Ne7 9. Be3 O-O 10. h3 Bb7 11. Qd2 b4 12. Na4 a5 13. c3 Bxe4 14. cxb4 axb4
15. Qxb4 Rb8 16. Qd2 Bxf3 17. gxf3 Nf5 18. Bg5 Nxd4 19. Bxd8 Nxf3+ 20. Kh1
Nxd2 21. Bxc7 Rb7 22. Bxd6 Nxb3 23. axb3 Rxb3 24. Bxf8 Kxf8 25. Ra3 Rb5 26.
Re2 Ke7 27. b3 Kd8 28. Re3 Ra5 29. b4 Rb5 30. Rab3 Bf8 31. Re4 Ke8 32. Nc3
Rb8 33. b5 Nc5 34. Reb4 Nxb3 35. Rxb3 Kd7 36. Ne4 Be7 37. Kg2 Kc7 38. Kf3
Kb6 39. Ke3 Ka5 40. Nc3 Bb4 41. Ne4 Rxb5 42. Kd4 Ka4 43. Kc4 Ka5 44. Nc3
Rc5+ 45. Kd3 Rxc3+ 46. Rxc3 Bxc3 47. Kxc3 Kb5 48. Kd4 f6 49. Ke4 Kc4 50. f3
h6 51. f4 h5 52. h4 f5+ 53. Ke5 Kd3 54. Kxe6 Ke4 55. Kf6 Kxf4 56. Kxg6 Kg4
57. Kf6 f4 58. Ke5 f3 59. Ke4 f2 60. Ke3 f1=Q 61. Kd4 Qe2 62. Kd5 Qe3 63.
Kc4 Qd2 64. Kc5 Qd3 65. Kc6 Qd4 66. Kc7 Qd5 67. Kc8 Qd6 68. Kb7 Qc5 69. Kb8
Qc6 70. Ka7 Qb5 71. Ka8 Kf5 72. Ka7 Ke6 73. Ka8 Kd7 74. Ka7 Kc7 75. Ka8 Qb7#
{White checkmated}
0-1

[Event "ICC tourney 2666 (40 10)"]
[Site "Internet Chess Club"]
[Date "2021.09.11"]
[Round "1"]
[White "XU, JOEY:JoeyXu"]
[Black "LAYTON KOGAN, YELISEY:K05-17266128"]
[Result "1-0"]
[ICCResult "Black checkmated"]
[WhiteElo "1300"]
[BlackElo "806"]
[Opening "Scotch gambit"]
[ECO "C44"]
[NIC "SO.06"]
[Time "11:01:51"]
[TimeControl "2400+10"]

1. e4 e5 2. Nf3 Nc6 3. d4 exd4 4. Bc4 Bc5 5. Ng5 d5 6. Bxd5 Nh6 7. Nxf7 Nxf7
8. Bxf7+ Kxf7 9. Qh5+ g6 10. Qxc5 Re8 11. Nd2 a5 12. O-O Bd7 13. Re1 Re5 14.
Qc4+ Be6 15. Qe2 Nb4 16. Nf3 Rc5 17. Ng5+ Ke7 18. Nxe6 Kxe6 19. Qg4+ Ke7 20.
Bg5+ Rxg5 21. Qxg5+ Kd7 22. Qxd8+ Rxd8 23. c3 Nc2 24. cxd4 Nxa1 25. Rxa1 Ke6
26. Rd1 c5 27. d5+ Ke5 28. f3 b6 29. Kf2 h5 30. Ke3 g5 31. Rd3 c4 32. Rc3 b5
33. g3 Rf8 34. Kf2 g4 35. f4+ Kxe4 36. Re3+ Kxd5 37. Re5+ Kd4 38. Rxb5 Ra8
39. Rxh5 a4 40. Re5 a3 41. Re2 axb2 42. Rxb2 Re8 43. Re2 Rf8 44. Ke1 Kc3 45.
Kd1 Rd8+ 46. Kc1 Rd3 47. Rc2+ Kd4 48. Rd2 Ke3 49. Rxd3+ Kxd3 50. f5 c3 51.
f6 c2 52. f7 Kc3 53. f8=Q Kd3 54. Qc5 Ke4 55. Qxc2+ Kf3 56. Qc4 Kg2 57. Qd3
Kh3 58. Qh7+ Kg2 59. a4 Kf3 60. a5 Kg2 61. a6 Kf3 62. a7 Kg2 63. a8=Q+ Kg1
64. Qc2 Kf1 65. Qag2+ Ke1 66. Qce2# {Black checkmated} 1-0

[Event "ICC tourney 2666 (40 10)"]
[Site "Internet Chess Club"]
[Date "2021.09.11"]
[Round "1"]
[White "WAREKAR, AARNA:aarnawarekar"]
[Black "MAHN, TYLER:TylerMahn"]
[Result "0-1"]
[ICCResult "White checkmated"]
[WhiteElo "842"]
[BlackElo "1338"]
[Opening "Queen's bishop game"]
[ECO "D00"]
[NIC "QP.08"]
[Time "11:01:29"]
[TimeControl "2400+10"]

1. d4 d5 2. Bf4 Nf6 3. Nf3 c5 4. e3 Nc6 5. c3 Qb6 6. b3 Bf5 7. Nbd2 e6 8.
Be2 Be7 9. Ne5 cxd4 10. cxd4 Ba3 11. Bd3 Bxd3 12. Nxd3 O-O 13. O-O Rac8 14.
Nf3 Ne4 15. Nfe5 Nxe5 16. Nxe5 f6 17. Nd7 Qa5 18. Nxf8 Kxf8 19. f3 Nc3 20.
Qe1 Bb2 21. Rb1 Qxa2 22. Bd6+ Kg8 23. Rxb2 Qxb2 24. Bb4 Qxb3 25. Bxc3 Qxc3
26. Qxc3 Rxc3 27. Rb1 b6 28. Kf2 Kf7 29. Ra1 a5 30. Rb1 Rc6 31. e4 dxe4 32.
fxe4 a4 33. Rb4 a3 34. Ra4 Rc2+ 35. Kf3 Rc3+ 36. Kf2 b5 37. Ra7+ Ke8 38. Ke2
b4 39. Kd2 Rb3 40. Kc2 Rb2+ 41. Kc1 Rxg2 42. Ra8+ Kd7 43. h4 a2 44. Ra7+ Kc6
45. Ra8 b3 46. d5+ exd5 47. exd5+ Kxd5 48. Ra5+ Kc4 49. Ra4+ Kb5 50. Rxa2
bxa2 51. h5 a1=Q# {White checkmated} 0-1

[Event "ICC tourney 2666 (40 10)"]
[Site "Internet Chess Club"]
[Date "2021.09.11"]
[Round "1"]
[White "MADSEN, STUART:gmstuartscott"]
[Black "ANGEL, BORYS:BArkadia"]
[Result "0-1"]
[ICCResult "White checkmated"]
[WhiteElo "766"]
[BlackElo "1295"]
[Opening "Old Indian defense"]
[ECO "E61"]
[NIC "KI.76"]
[Time "11:01:37"]
[TimeControl "2400+10"]

1. d4 Nf6 2. c4 d6 3. Nf3 g6 4. Nc3 Bg7 5. Bf4 O-O 6. Qc1 Bf5 7. Bh6 Nbd7 8.
Bxg7 Kxg7 9. Ng5 e5 10. Qe3 Ng4 11. Qd2 c6 12. e4 exd4 13. Qxd4+ Kg8 14. h4
Re8 15. f3 Ngf6 16. O-O-O Be6 17. Qxd6 h6 18. Nh3 Qb6 19. Nf4 Nc5 20. Qe5
Nfd7 21. Qd6 Rad8 22. Nd3 Nxd3+ 23. Bxd3 Nc5 24. Qf4 Nxd3+ 25. Rxd3 Rxd3 26.
Re1 Red8 27. Re2 Bxc4 28. Rc2 Qg1+ 29. Nd1 Qxd1# {White checkmated} 0-1

[Event "ICC tourney 2666 (40 10)"]
[Site "Internet Chess Club"]
[Date "2021.09.11"]
[Round "2"]
[White "Singh, Saharsh:saharshsingh02"]
[Black "CAO, DANIEL:danielcao"]
[Result "0-1"]
[ICCResult "White resigns"]
[WhiteElo "896"]
[BlackElo "1276"]
[Opening "Grünfeld: Three knights variation"]
[ECO "D90"]
[NIC "GI.07"]
[Time "13:15:35"]
[TimeControl "2400+10"]

1. d4 Nf6 2. c4 g6 3. Nf3 Bg7 4. Nc3 d5 5. cxd5 Nxd5 6. Qc2 Nc6 7. e4 Ndb4
8. Qa4 Bxd4 9. Nxd4 Qxd4 10. Nb5 Qxe4+ 11. Be2 Nd3+ {White resigns} 0-1

[Event "ICC tourney 2666 (40 10)"]
[Site "Internet Chess Club"]
[Date "2021.09.11"]
[Round "2"]
[White "BUELTMANN-PROK, LENNY:lbueltmannprok"]
[Black "Chen, Angelique Lee:oklahoo"]
[Result "0-1"]
[ICCResult "White checkmated"]
[WhiteElo "630"]
[BlackElo "995"]
[Opening "Ruy Lopez: old Steinitz defense"]
[ECO "C62"]
[NIC "RL.02"]
[Time "13:15:48"]
[TimeControl "2400+10"]

1. e4 e5 2. Nf3 Nc6 3. Bb5 d6 4. d4 exd4 5. Nxd4 Bd7 6. Bc4 Nxd4 7. Qxd4 Nf6
8. Nc3 Be7 9. Be3 O-O 10. Bd3 c5 11. Qc4 Be6 12. Qa4 a6 13. e5 dxe5 14. f3
b5 15. Qh4 c4 16. Be2 Nd5 17. Qg3 Nxe3 18. b3 Nxc2+ 19. Kf2 Qd4+ 20. Kf1
Nxa1 21. bxc4 Qxc3 22. cxb5 Qc1+ 23. Kf2 Bc5# {White checkmated} 0-1

[Event "ICC tourney 2666 (40 10)"]
[Site "Internet Chess Club"]
[Date "2021.09.11"]
[Round "2"]
[White "LAYTON KOGAN, YELISEY:K05-17266128"]
[Black "LARSON, CHARLES D:jdchuck68"]
[Result "1-0"]
[ICCResult "Black resigns"]
[WhiteElo "806"]
[BlackElo "355"]
[Opening "Sicilian defense"]
[ECO "B20"]
[NIC "SI.48"]
[Time "13:15:37"]
[TimeControl "2400+10"]

1. e4 c5 2. Bc4 e6 3. Nc3 a6 4. d4 cxd4 5. Qxd4 Nc6 6. Qe3 d6 7. Nf3 Be7 8.
O-O Nf6 9. e5 dxe5 10. Rd1 Bd7 11. Nxe5 Qc7 12. Nxd7 Qxd7 13. Rxd7 Nxd7 14.
Na4 b5 15. Nb6 Rb8 16. Nxd7 Kxd7 17. Qd3+ Kc8 18. Bb3 Rd8 19. Qf1 Nd4 20.
Bf4 Rb7 21. Rd1 Bf6 22. c3 Nc6 23. Rxd8+ Nxd8 24. Qb1 g6 25. Qe4 e5 26. Be3
Rd7 27. Qa8+ Kc7 28. Qa7+ Kc8 29. Qxa6+ Kc7 30. Bb6+ Kb8 31. Bxd8 Rd1+ 32.
Bxd1 {Black resigns} 1-0

[Event "ICC tourney 2666 (40 10)"]
[Site "Internet Chess Club"]
[Date "2021.09.11"]
[Round "2"]
[White "GUERRERIO, CHRISTOPHER:K09-16206065"]
[Black "WELSKI, SEAN:filmdirector"]
[Result "0-1"]
[ICCResult "White resigns"]
[WhiteElo "1103"]
[BlackElo "1317"]
[Opening "QGD semi-Slav"]
[ECO "D43"]
[NIC "SL.06"]
[Time "13:15:34"]
[TimeControl "2400+10"]

1. d4 d5 2. c4 e6 3. Nc3 c6 4. Nf3 Nf6 5. Bg5 h6 6. Bh4 Be7 7. e3 O-O 8. Bd3
Nbd7 9. O-O b6 10. Rc1 Bb7 11. Bb1 dxc4 12. Qc2 g6 13. Qe2 b5 14. b3 b4 15.
Na4 c3 16. a3 a5 17. Qc4 Qc7 18. Ne1 Ba6 19. Bg3 Bd6 20. Bxd6 Qxd6 21. Nb6
Bxc4 22. Nxa8 Bxf1 {White resigns} 0-1

[Event "ICC tourney 2666 (40 10)"]
[Site "Internet Chess Club"]
[Date "2021.09.11"]
[Round "2"]
[White "KINKUS, SAM E:Grandslam34"]
[Black "REMPE, LENNIK:Kokosnuss1000"]
[Result "1-0"]
[ICCResult "Black checkmated"]
[WhiteElo "884"]
[BlackElo "1400"]
[Opening "KP: Patzer opening"]
[ECO "C20"]
[NIC "KP.10"]
[Time "13:15:39"]
[TimeControl "2400+10"]

1. e4 e5 2. Qh5 Nf6 3. Qxe5+ Be7 4. Qf4 O-O 5. Bc4 Re8 6. Ne2 Bc5 7. e5 Nh5
8. Qxf7+ Kh8 9. Qxh5 Rf8 10. d4 d5 11. Bd3 g6 12. Qh6 Bb6 13. O-O Bg4 14.
Bxg6 Qd7 15. Qxf8# {Black checkmated} 1-0

[Event "ICC tourney 2666 (40 10)"]
[Site "Internet Chess Club"]
[Date "2021.09.11"]
[Round "2"]
[White "JEEJU, ANIRUDH SAI:anirudhsai"]
[Black "NITIN PATIL, AARADHYA:K03-17349055"]
[Result "0-1"]
[ICCResult "White checkmated"]
[WhiteElo "637"]
[BlackElo "1047"]
[Opening "Giuoco Pianissimo"]
[ECO "C50"]
[NIC "IG.02"]
[Time "13:16:27"]
[TimeControl "2400+10"]

1. e4 e5 2. Nf3 Nc6 3. Bc4 Bc5 4. d3 Nf6 5. O-O O-O 6. Bg5 h6 7. Bh4 Be7 8.
h3 d6 9. Nh2 Bd7 10. f4 exf4 11. Qf3 Nd4 12. Qd1 a5 13. c3 Ne6 14. Ng4 Nxg4
15. Qxg4 Bxh4 16. d4 Bg3 17. Qf3 Ng5 18. Qd3 Ne6 19. d5 Nc5 20. Qd4 Qf6 21.
Qd1 Nxe4 22. Qf3 Nc5 23. Nd2 Rfe8 24. b4 Na4 25. Ne4 Qg6 26. Bd3 f5 27. Nxg3
Qxg3 28. Qxg3 fxg3 29. Bxf5 Bxf5 30. Rxf5 Rf8 31. Rff1 Rxf1+ 32. Rxf1 Nxc3
33. bxa5 Rxa5 34. Rc1 Ne2+ 35. Kf1 Nxc1 36. Ke1 Rxa2 37. Kd1 Rxg2 38. Kxc1
Rh2 39. Kd1 g2 40. Ke1 g1=Q# {White checkmated} 0-1